 Dungeon Crawl Stone Soup version 0.25.1-2-g60ff931df9 (webtiles) character file.

Game seed: 18350720389445373120

191 Exodus22XD the Sneak (level 5, -2/26 HPs)
             Began as a Spriggan Assassin on Nov 7, 2020.
             Was an Initiate of Dithmenos.
             Killed from afar by Duvessa (11 damage)
             ... with a puff of flame
             ... on level 4 of the Dungeon.
             The game lasted 00:07:10 (4893 turns).

Exodus22XD the Sneak (Spriggan Assassin)            Turns: 4893, Time: 00:07:10

Health: -2/26      AC:  4    Str:  7    XL:     5   Next: 41%
Magic:  6/6        EV: 20    Int: 12    God:    Dithmenos [......]
Gold:   160        SH:  0    Dex: 19    Spells: 4/4 levels left

rFire    . . .     SeeInvis +   a - +2 dagger
rCold    . . .     Gourm    .   (shield restricted)
rNeg     . . .     Faith    .   r - +1 animal skin
rPois    .         Spirit   .   (helmet restricted)
rElec    .         Reflect  .   c - +0 cloak
rCorr    +         Harm     .   (gloves unavailable)
MR       .....                  (boots unavailable)
Stlth    ++++......             o - amulet of magic regeneration
HPRegen  0.08/turn              v - ring of resist corrosion
MPRegen  0.35/turn              (no ring)

@: very quick
A: very small, unfitting armour, see invisible, herbivore, speed 3, slow
metabolism 2
a: Renounce Religion


You were on level 4 of the Dungeon.
You worshipped Dithmenos.
Dithmenos was noncommittal.
You were not hungry.

You visited 1 branch of the dungeon, and saw 4 of its levels.

You collected 160 gold pieces.

Inventory:

Hand Weapons
 a - a +2 dagger (weapon)
Missiles
 d - 9 poisoned darts (quivered)
 e - 2 curare-tipped darts
Armour
 b - a +0 robe
 c - a +0 cloak (worn)
 r - a +1 animal skin (worn)
 x - a scarf of invisibility
Jewellery
 o - an amulet of magic regeneration (around neck)
 v - a ring of resist corrosion (left hand)
Scrolls
 g - 3 scrolls of amnesia {unknown}
 i - a scroll of identify {unknown}
 j - 2 scrolls of teleportation {unknown}
 k - a scroll of remove curse {unknown}
 l - a scroll of blinking {unknown}
 q - a scroll of enchant weapon {unknown}
 t - a scroll of immolation {unknown}
Potions
 h - a potion of might {unknown}
 m - a potion of brilliance {unknown}
 n - a potion of lignification {unknown}
 p - 2 potions of curing {unknown}
 s - a potion of flight {unknown}
 u - 2 potions of stabbing {unknown}
 w - a potion of cancellation {unknown}
Comestibles
 f - 3 rations


   Skills:
 + Level 2.0 Fighting
 + Level 4.0 Short Blades
 + Level 2.3 Throwing
 + Level 3.9 Dodging
 + Level 7.3 Stealth


You had 4 spell levels left.
You didn't know any spells.
Your spell library was empty.

Dungeon Overview and Level Annotations

Branches:
Dungeon (4/15)
 Temple: D:4-7

Altars:
Dithmenos
Elyvilon
Fedhas
Trog
Vehumet
Zin

Annotations:
D:3 exclusion: oklob plant
D:4 Duvessa


Innate Abilities, Weirdness & Mutations

You are very small and have problems with some larger weapons.
You are too small for most types of armour.
You have supernaturally acute eyesight. (SInv)
You are a herbivore.
You cover ground extremely quickly.
You need to consume almost no food.


Message History

Duvessa zaps a wand.
The puff of flame hits you!
Throwing (i - inventory. (/) - cycle)
d - 12 poisoned darts (quivered)
Press: ? - help, Shift-Dir - straight line, f/p - Duvessa
Aim: Duvessa, wielding a +0 short sword, wearing a +0 ring mail and carrying a wand of flame (13) (heavily wounded, extremely poisoned)
You throw a poisoned dart.
The poisoned dart barely misses Duvessa.
Throwing (i - inventory. (/) - cycle)
d - 11 poisoned darts (quivered)
Press: ? - help, Shift-Dir - straight line, f/p - Duvessa
Aim: Duvessa, wielding a +0 short sword, wearing a +0 ring mail and carrying a wand of flame (13) (heavily wounded, very poisoned)
You throw a poisoned dart. The poisoned dart hits Duvessa.
Duvessa is heavily wounded.
Unknown command.
Throwing (i - inventory. (/) - cycle)
d - 10 poisoned darts (quivered)
Press: ? - help, Shift-Dir - straight line, f/p - Duvessa
Aim: Duvessa, wielding a +0 short sword, wearing a +0 ring mail and carrying a wand of flame (13) (heavily wounded, very poisoned)
You throw a poisoned dart. The poisoned dart hits Duvessa.
Duvessa looks as sick as possible!
Duvessa is heavily wounded.
Duvessa zaps a wand.
The puff of flame hits you!
You die...

#.#.###..# ###### #.#.# #..#
#....# #.#.# #..# #....##
#.#.###..# #....## #.#...#..#
#....##
#####.#.###..##############....##
....(............................
....#.#.##..#####################
###.#....#......@......e.(..((...
#.###..#.#####....#############
#.# #..#.# #...(# #.# #..#.#
#....# #.# #..#.# ######
#######..#.# .........#.#
########.#.# .....<.#.#.########


You could see Duvessa (extremely poisoned).

Vanquished Creatures
  An orc priest (D:3)
  An orc wizard (D:3)
  Robin (D:2)
  A gnoll (D:1)
  2 adders (D:2)
  A worm (D:3)
  A dart slug (D:1)
  3 leopard geckos (D:2)
  5 orcs
  A giant cockroach (D:3)
  11 hobgoblins
  11 jackals
  A ball python (D:2)
  3 bats
  16 goblins
  11 kobolds
  8 rats
78 creatures vanquished.

Notes
Turn   | Place    | Note
-------+----------+-------------------------------------------
     0 | D:1      | Exodus22XD the Spriggan Assassin began the quest for the
                  | Orb.
     0 | D:1      | Reached XP level 1. HP: 10/10 MP: 2/2
    69 | D:1      | Reached skill level 6 in Stealth
   678 | D:1      | Reached XP level 2. HP: 14/14 MP: 3/3
  1856 | D:1      | Reached XP level 3. HP: 18/18 MP: 4/4
  2089 | D:2      | Found a glowing silver altar of Zin.
  2153 | D:2      | Reached skill level 7 in Stealth
  2227 | D:2      | Found a radiant altar of Vehumet.
  2389 | D:2      | Reached XP level 4. HP: 15/23 MP: 5/5
  2497 | D:2      | Found a white marble altar of Elyvilon.
  2701 | D:2      | Noticed Robin
  2749 | D:2      | Killed Robin
  3635 | D:3      | Found a bloodstained altar of Trog.
  3635 | D:3      | Found a shadowy altar of Dithmenos.
  3657 | D:3      | Became a worshipper of Dithmenos the Shadowed
  3757 | D:3      | Found a blossoming altar of Fedhas.
  3771 | D:3      | Noticed an oklob plant
  3821 | D:3      | Reached XP level 5. HP: 26/26 MP: 6/6
  4816 | D:4      | Noticed Duvessa
  4893 | D:4      | Killed from afar by Duvessa

Illustrated notes

Levels and vault maps discovered:
D:1:      dpeg_arrival_snail, layout_basic
D:2:      layout_loops_cross, marbit_many_paths, lemuel_crystal_altar,
          lemuel_crystal_altar, skrybe_limestone_x, uniq_robin
D:3:      layout_loops_ring, gammafunk_temple_overflow_pools, first_ration,
          tgw_fedhas
D:4:      layout_basic, minmay_temple_entry_stoned_glass, uniq_duvessa

Skill      XL: |  1  2  3  4  5 |
---------------+----------------+-----
Stealth        | 6 7 |  7.3
Dodging        | 2 3 |  3.9
Short Blades   | 3 4 |  4.0
Fighting       | 2 |  2.0
Throwing       | |  2.3

Action                   |  1- 3 |  4- 6 || total
-------------------------+-------+-------++-------
Melee: Dagger            |   188 |   155 ||   343
Throw: Dart              |     4 |    33 ||    37
 Stab: Sleeping          |     3 |     5 ||     8
       Distracted        |     1 |       ||     1
  Eat: Ration            |       |     1 ||     1
Armor: Robe              |    12 |     3 ||    15
       Animal skin       |       |    10 ||    10
Dodge: Dodged            |   142 |   117 ||   259
